 Dungeon Crawl Stone Soup version 0.28.0-45-g0d030f2227 (webtiles) character file.

Game seed: 17769067491738772251

17 Diomare the Poker (level 2, 0/22 HPs)
             Began as a Merfolk Gladiator on Apr 15, 2022.
             Slain by a gnoll
             ... wielding a +0 club
              (3 damage)
             ... on level 1 of the Dungeon.
             The game lasted 00:03:13 (814 turns).

Diomare the Poker (Merfolk Gladiator)                Turns: 814, Time: 00:03:14

Health: 0/22       AC:  4    Str: 14    XL:     2   Next: 62%
Magic:  2/2        EV: 13    Int:  7    God:
Gold:   54         SH:  0    Dex: 15    Spells: 1/1 levels left

rFire   . . .      SeeInvis .   a - +0 trident
rCold   . . .      Faith    .   (no shield)
rNeg    . . .      Spirit   .   b - +0 leather armour
rPois   .          Reflect  .   c - +0 helmet
rElec   .          Harm     .   (no cloak)
rCorr   .          Rampage  .   (no gloves)
Will    .....                   (no boots)
Stlth   +.........              (no amulet)
HPRegen 0.07/turn               f - ring of flight
MPRegen 0.08/turn               (no ring)

@: flying
A: (nimble swimmer 2), mertail
a: no special abilities


You were on level 1 of the Dungeon.
You visited 1 branch of the dungeon, and saw 2 of its levels.

You collected 54 gold pieces.

Inventory:

Hand Weapons
 a - a +0 trident (weapon)
Missiles
 d - 3 throwing nets (quivered)
Armour
 b - a +0 leather armour (worn)
 c - a +0 helmet (worn)
Jewellery
 f - a ring of flight (left hand)
Scrolls
 h - a scroll of vulnerability {unknown}
 j - a scroll of enchant armour {unknown}
Potions
 e - a potion of curing {unknown}
 g - a potion of might {unknown}
 i - a potion of invisibility {unknown}


   Skills:
 + Level 2.3 Fighting
 + Level 4.9 Polearms
 + Level 2.1 Throwing
 + Level 0.2 Armour
 + Level 4.4 Dodging


You had one spell level left.
You didn't know any spells.
Your spell library was empty.

Dungeon Overview and Level Annotations

Branches:
Dungeon (2/15)

Altars:


Innate Abilities, Weirdness & Mutations

((You are very nimble when in or above water. (Stealth+, EV+, Speed+++)))
Your lower body shifts to a powerful aquatic tail in water.


Message History

The giant cockroach misses you.
You hit the giant cockroach but do no damage.
The giant cockroach misses you.
You closely miss the giant cockroach. The giant cockroach misses you.
You puncture the giant cockroach!
You kill the giant cockroach!
There is a stone staircase leading down here.
A gnoll is nearby!
You hit the gnoll.
The gnoll is moderately wounded.
The gnoll barely misses you.
You hit the gnoll.
The gnoll is moderately wounded.
The gnoll hits you with a +0 club.
You closely miss the gnoll.
The gnoll is moderately wounded.
The gnoll hits you with a +0 club.
You hit the gnoll but do no damage.
The gnoll is moderately wounded.
The gnoll hits you with a +0 club. The gnoll closely misses you.
You fly downwards.
The ball python hisses angrily.
Found a hand axe.
Found two stone staircases leading down.
There is a stone staircase leading up here.
The gnoll hits you but does no damage.
You fly upwards.
There is a stone staircase leading down, spattered with blood here.
You barely miss the gnoll.
The gnoll is moderately wounded.
The gnoll hits you with a +0 club.
* * * LOW HITPOINT WARNING * * *
You hit the gnoll.
The gnoll is severely wounded.
The gnoll closely misses you.
You closely miss the gnoll.
The gnoll is severely wounded.
The gnoll hits you with a +0 club.
You die...

.##..##.####..##..#..# #.#
.#..#.#..#..####..#..# #.#
...##.##..##..##..#..# #.#
... #...#...<##..#..# #.#
### ###########..#..# #.#
################..#..# #.#
.....................# #.#
######.########...##.#####.#
#..........g@..........#
#..#########.#.#.#######
#..# #.#.#.# #..# #.#.#.#
#..#########.#.#.#
#..#.........#.#.##
#.................#
#..#.#.....รท.#.####
#(.#.#.....#.#.#


You could see a gnoll.

Vanquished Creatures
  2 dart slugs (D:1)
  2 ball pythons (D:1)
  A bat (D:1)
  A giant cockroach (D:1)
  3 goblins (D:1)
  A kobold (D:1)
  2 rats (D:1)
12 creatures vanquished.

Notes
Turn   | Place    | Note
-------+----------+-------------------------------------------
     0 | D:1      | Diomare the Merfolk Gladiator began the quest for the Orb.
     0 | D:1      | Reached XP level 1. HP: 16/16 MP: 1/1
   163 | D:1      | Reached XP level 2. HP: 18/22 MP: 2/2
   814 | D:1      | Slain by a gnoll

Illustrated notes

Levels and vault maps discovered:
D:1:      erik_arrival_cave_to_civilisation [erik_arrival_cave_to_hall],
          layout_basic, minmay_misc_feat_pillars
D:2:      minmay_alternating_diamond, layout_loops_ring,
          shapermc_ecumenical_altar_mp_ritualfount, serial_shops,
          nicolae_shop_waterfront, uniq_sigmund

Action                   || total
-------------------------++-------
Melee: Trident           ||    44
Armor: Leather armour    ||    16
Dodge: Dodged            ||    28
